 Dungeon Crawl Stone Soup version 0.24.0-125-gc4c63601f3 (webtiles) character file.

Game seed: 12988562745966648366, levelgen mode: deterministic

42 Curus the Chopper (level 3, 27/31 HPs)
             Began as a Minotaur Fighter on Mar 13, 2020.
             Quit the game on level 2 of the Dungeon.
             The game lasted 00:09:20 (1014 turns).

Curus the Chopper (Minotaur Fighter)                Turns: 1014, Time: 00:09:21

Health: 27/31      AC:  3    Str: 18 (20) XL:     3   Next: 33%
Magic:  1/1        EV:  7    Int:  5 (6)  God:
Gold:   67         SH:  8    Dex:  6 (9)  Spells: 2/2 levels left

rFire    . . .     SeeInvis .   a - +1 war axe
rCold    + . .     Gourm    .   c - +0 shield
rNeg     . . .     Faith    .   b - +0 scale mail
rPois    .         Spirit   .   (helmet restricted)
rElec    .         Reflect  .   (no cloak)
rCorr    .         Harm     .   (no gloves)
MR       .....                  (no boots)
Stlth    ..........             (no amulet)
HPRegen  0.10/turn              (no ring)
MPRegen  0.07/turn              (no ring)

@: no status effects
A: retaliatory headbutt, horns 2, cold resistance 1, deformed body, low mp 1,
mutation resistance 1
a: no special abilities


You were on level 2 of the Dungeon.
You were not hungry.

You visited 1 branch of the dungeon, and saw 2 of its levels.

You collected 67 gold pieces.

Inventory:

Hand Weapons
 a - a +1 war axe (weapon)
Armour
 b - a +0 scale mail (worn)
 c - a +0 shield (worn)
Scrolls
 g - 2 scrolls of identify
 h - a scroll of remove curse
 i - 2 scrolls of teleportation
Potions
 d - a potion of might
 e - 2 potions of agility
Comestibles
 f - 2 rations


   Skills:
 - Level 3.6 Fighting
 + Level 4.6 Axes
 - Level 3.6 Armour
 - Level 3.6 Shields


You had 2 spell levels left.
You didn't know any spells.
Your spell library was empty.

Dungeon Overview and Level Annotations

Branches:
Dungeon (2/15)

Altars:


Innate Abilities, Weirdness & Mutations

You reflexively headbutt those who attack you in melee.
You have a pair of horns on your head.
Your flesh is cold resistant. (rC+)
Armour fits poorly on your strangely shaped body.
Your magical capacity is low. (-10% MP)
You are somewhat resistant to further mutation.


Message History

You kill the jackal!
You hit the jackal but do no damage. The jackal bites you.
The jackal bites you but does no damage.
You closely miss the jackal.
The jackal is heavily wounded.
The jackal barely misses you. You block the jackal's attack.
You closely miss the jackal. You headbutt the jackal.
You kill the jackal!
Found a stone staircase leading down.
A rat comes into view.
You closely miss the rat. The rat bites you but does no damage.
The rat bites you.
You hit the rat.
The rat is heavily wounded.
You block the rat's attack.
You closely miss the rat. Your headbutt misses the rat.
The rat is heavily wounded.
The rat barely misses you. You furiously retaliate!
You headbutt the rat.
You kill the rat!
Are you sure you want to abandon this character and quit the game? (Confirm with "yes".)

# #.# # #.# .. # #
#.# #. .# #.# #.# .#
#.# .. ...
#.#.###.#######.##..
#.....).............
..#.###.#######.†#.#
.#.###.### #@#.#
#.........# #.#.#
........#.# #...#
###+#####.# ##..#
#........# #..#
#........# #..#
#........# #..#
#........# #..#
#........#######..#


There were no monsters in sight!

Vanquished Creatures
  An adder (D:2)
  An ooze (D:1)
  A dart slug (D:1)
  2 giant cockroaches (D:1)
  2 goblins (D:1)
  2 hobgoblins (D:2)
  3 jackals
  5 kobolds (D:1)
  4 bats (D:1)
  A frilled lizard (D:1)
  4 rats
26 creatures vanquished.

Notes
Turn   | Place    | Note
-------+----------+-------------------------------------------
     0 | D:1      | Curus the Minotaur Fighter began the quest for the Orb.
     0 | D:1      | Reached XP level 1. HP: 19/19 MP: 0/0
   100 | D:1      | Reached skill level 3 in Axes
   104 | D:1      | Reached XP level 2. HP: 26/26 MP: 1/1
   330 | D:1      | Gained mutation: Armour fits poorly on your strangely
                  | shaped body. [potion of mutation]
   330 | D:1      | Gained mutation: Your flesh is cold resistant. (rC+)
                  | [potion of mutation]
   330 | D:1      | Gained mutation: Your magical capacity is low. (-10% MP)
                  | [potion of mutation]
   330 | D:1      | Gained mutation: You are somewhat resistant to further
                  | mutation. [potion of mutation]
   378 | D:1      | Reached skill level 4 in Axes
   953 | D:2      | Reached XP level 3. HP: 24/31 MP: 1/1
  1014 | D:2      | Quit the game

Levels and vault maps discovered:
D:1:      psy_arrival_statuary, layout_basic, minmay_pentomino_q2
D:2:      layout_basic, nicolae_overflow_crystal_walls, uniq_sigmund

Skill      XL: |  1  2 |
---------------+-------+-----
Axes           | 3 4 |  4.6
Fighting       | |  3.6
Armour         | |  3.6
Shields        | |  3.6

Action                   || total
-------------------------++-------
Melee: War axe           ||    63
       Headbutt          ||    12
  Use: Potion            ||     7
       Scroll            ||     5
Armor: Scale mail        ||    15
Dodge: Dodged            ||    19
Block: Shield            ||    18
